 Dungeon Crawl Stone Soup version 0.21-a0-95-g06f091e (webtiles) character file.

2754653 kuniqs the Hoplite (level 27, 154/154 HPs)
             Began as a Vine Stalker Berserker on July 4, 2017.
             Was a Follower of Uskayaw.
             Escaped with the Orb
             ... and 4 runes on July 5, 2017!
             The game lasted 02:13:36 (54480 turns).

kuniqs the Hoplite (Vine Stalker Berserker)        Turns: 54480, Time: 02:13:36

Health: 154/154    AC: 44    Str: 31    XL:     27
Magic:  37/37      EV: 19    Int:  5    God:    Uskayaw [*.....]
Gold:   5949       SH: 28    Dex: 20    Spells: 26/26 levels left

rFire    + . .     SeeInvis .   A - +10 quick blade (freeze)
rCold    + . .     Gourm    .   D - +0 large shield
rNeg     . . .     Faith    .   V - +7 gold dragon scales
rPois    +         Spirit   +   P - +2 helmet
rElec    +         Reflect  +   N - +1 cloak {rPois}
rCorr    +         Harm     .   j - +4 pair of gloves "Pamnu" {rElec Str+3 Int-2}
MR       +++..                  E - +2 pair of boots {Stlth+}
Stlth    ..........             r - amulet of Axexipp {Reflect +Blink Slay+3 SH+3}
HPRegen  1.15/turn              w - ring "Runyicut" {rCorr rElec Str+3}
MPRegen  0.25/turn              y - +3 ring of evasion

@: drained
A: fangs 3, mutation resistance 1, regeneration 2, weak 1, wild magic 1, magic
shield, antimagic bite, no potion heal 3, rot immunity
0: Orb of Zot
}: 4/15 runes: decaying, slimy, silver, gossamer
a: Stomp, Renounce Religion, Evoke Blink


You escaped.
You worshipped Uskayaw.
Uskayaw was most pleased with you.
You were near starving.

You visited 11 branches of the dungeon, and saw 55 of its levels.
You also visited: Labyrinth and Ice Cave.

You collected 7512 gold pieces.
You spent 1563 gold pieces at shops.

Inventory:

Hand Weapons
 A - a +10 quick blade of freezing (weapon)
Missiles
 c - 2 throwing nets (quivered)
Armour
 j - the +4 pair of gloves "Pamnu" (worn) {rElec Str+3 Int-2}
   (You found it on level 1 of the Elven Halls)

   It affects your strength (+3).
   It affects your intelligence (-2).
   It insulates you from electricity.
 D - a +0 large shield (worn)
 E - a +2 pair of boots of stealth (worn)
 N - a +1 cloak of poison resistance (worn)
 P - a +2 helmet (worn)
 V - +7 gold dragon scales (worn)
Jewellery
 r - the amulet of Axexipp (around neck) {Reflect +Blink Slay+3 SH+3}
   (You found it on level 5 of the Pits of Slime)

   [amulet of reflection]

   It shields you and reflects attacks.
   It affects your accuracy and damage with ranged weapons and melee attacks
   (+3).
   It lets you blink.
   It affects your SH (+3).
 t - the amulet of Pamea {RegenMP rF+ rN+ Stlth+}
   (You found it in an ice cave)

   [amulet of magic regeneration]

   It increases your magic regeneration.
   It protects you from fire.
   It protects you from negative energy.
   It makes you more stealthy.
 w - the ring "Runyicut" (left hand) {rCorr rElec Str+3}
   (You found it on level 5 of the Pits of Slime)

   [ring of resist corrosion]

   It affects your strength (+3).
   It insulates you from electricity.
 y - a +3 ring of evasion (right hand)
 K - an uncursed ring of ice
Wands
 l - a wand of acid (10/15)
 m - a wand of digging (0/24)
 z - a wand of confusion (19/48)
 C - a wand of acid (7/15)
 H - a wand of clouds (2/9)
 J - a wand of iceblast (10/15)
 R - a wand of digging (1/24)
Scrolls
 a - 9 scrolls of fog
 b - 7 scrolls of blinking
 h - 7 scrolls of teleportation
 n - 2 scrolls of summoning
 p - 21 scrolls of remove curse {@r2}
 B - 5 scrolls of immolation
 G - 9 scrolls of recharging
 L - 5 scrolls of fear
 S - 5 scrolls of identify {@r1}
 X - 2 scrolls of holy word
Potions
 g - 2 potions of berserk rage
 i - 8 potions of curing {@q1}
 k - a potion of invisibility
 o - 3 potions of cancellation
 q - 5 potions of might
 s - 7 potions of haste
 v - 7 potions of agility
 I - 10 potions of mutation
 T - 4 potions of flight
Miscellaneous
 x - a box of beasts
 F - a lightning rod (4/4)
 M - a lamp of fire
 O - 3 sacks of spiders
 Q - a fan of gales
Comestibles
 d - 25 bread rations
 e - 20 meat rations
 f - 2 fruits
 W - 9 royal jellies


   Skills:
 + Level 18.8(17.6) Fighting
 - Level 10.1(9.1) Short Blades
 + Level 17.6(16.5) Armour
 + Level 17.5(16.4) Dodging
 - Level 14.0(12.9) Stealth
 + Level 21.1(19.9) Shields
 + Level 18.7(17.6) Invocations
 - Level 8.4(7.5) Evocations


You had 26 spell levels left.
You didn't know any spells.

Dungeon Overview and Level Annotations

Branches:
Dungeon (15/15)            Temple (1/1) D:5            Lair (6/6) D:10
  Swamp (4/4) Lair:2       Spider (4/4) Lair:3        Slime (5/5) Lair:5
    Orc (2/2) D:10            Elf (3/3) Orc:2        Vaults (5/5) D:14
  Crypt (0/3) Vaults:3     Depths (5/5) D:15            Zot (5/5) Depths:5

Altars:
Ashenzari
Dithmenos
Elyvilon
Fedhas
Gozag
Hepliaklqana
Kikubaaqudgha
Makhleb
Qazlal
Ru
Sif Muna
Trog
Uskayaw
Xom
Yredelemnul
Zin
The Shining One
Beogh
Jiyva

Shops:
D:6 !   D:8 ?   D:14 %   Orc:2 :(*[   Elf:3 *   Vaults:1 %   Depths:4 :

Portals:
Hell: Depths:2 Depths:3 Depths:4
Abyss: Depths:4
Pandemonium: Depths:3
Ziggurat: Depths:4

Annotations:
D:7 p0werm0de's ghost, novice OpNe
Elf:3 exclusion: Roxanne, Roxanne
Depths:1 1 exclusion


Innate Abilities, Weirdness & Mutations

You have razor-sharp teeth.
You heal very quickly.
When hurt, damage is shared between your health and your magic reserves.
Your bite disrupts and absorbs the magic of your enemies.
Potions cannot restore your health.
You are immune to rotting.
You are somewhat resistant to further mutation.
You are weak. (Str -2)
Your spells are a little harder to cast, but a little more powerful.


Message History

You kill the gelid demonspawn!
(D) Dungeon (T) Temple (L) Lair (S) Swamp (N) Spider Nest (M) Slime Pits (O) Orcish Mines (E) Elven Halls (V) Vaults (C) Crypt (U) Depths (H) Hell (Z) Zot
Where to? (Enter - D:1, ? - help)
There is an open door here.
Uskayaw will no longer force your foes to helplessly watch your dance.
You can no longer pass through a line of other dancers.
There is a stone staircase leading up here.
You climb upwards.
You are near starving!
There is a stone staircase leading down here.
You see here a club.
There is a stone staircase leading up here.
You climb upwards.
There is a stone staircase leading down here.
You see here a whip.
There is a staircase leading out of the dungeon here.
You have escaped!

#.## #####.##.# #.. #..#
#.....##.# #..
##.#######.#.#.##.# ##.
#..#.............# #.
##.#.....#.....#.# ##
#.#.###.#.....#.##
#.#.###.#.....#..#
#.#...#.#.....#).#
#.#.#.#.#..@..#..#####
#.#.#...#.....#......##
#.#.#...#.....#....>..#
#####.#[....#.....#.####..#
#...........#.....#.# #..#####
#.###.#..........().####......#
#.#
#.##...####.######....###.##
#.# #.##........# #....# #...
#.# #.##...###### #....###.##


There were no monsters in sight!

Vanquished Creatures
  the Royal Jelly (Slime:5)
  5 ancient liches
  3 orbs of fire (Zot:5)
  3 juggernauts (Depths:2)
  Margery (Depths:4)
  12 Killer Klowns (Zot:5)
  A caustic shrike (Depths:4)
  7 golden dragons
  A profane servitor (D:13)
  3 bone dragons
  2 electric golems (Zot:5)
  Rupert (Lair:4)
  8 tentacled monstrosities
  25 Orb Guardians (Zot:5)
  4 titans (Vaults:5)
  Asterion (Depths:3)
  5 liches
  5 quicksilver dragons
  A deep elf blademaster (Elf:3)
  9 acid blobs
  An Executioner (D:12)
  3 sphinxes
  2 death cobs (Zot:5)
  2 deep elf master archers (Elf:3)
  2 thorn hunters (Swamp:2)
  Kirke (D:15)
  7 tengu reavers
  10 shadow dragons
  8 storm dragons
  3 draconian monks
  2 azure jellies
  9 fire giants
  12 frost giants
  2 draconian knights
  A ghost moth (shapeshifter) (D:15)
  An orc warlord (Elf:2)
  2 iron dragons
  18 vault wardens
  5 deep elf sorcerers (Elf:3)
  A warmonger (D:12)
  2 ghost moths
  2 draconian scorchers
  9 deep elf elementalists
  An emperor scorpion (Spider:4)
  3 draconian shifters
  18 ironheart preservers
  28 very ugly things
  2 draconian stormcallers
  2 spriggan defenders
  4 entropy weavers
  2 draconian annihilators
  A war gargoyle (Vaults:5)
  36 stone giants
  5 green draconians
  4 vampire knights
  Nessos (Orc:2)
  12 deep elf annihilators
  9 deep elf demonologists
  A black draconian (Zot:4)
  3 white draconians
  3 yellow draconians
  3 spark wasps (Depths:5)
  6 red draconians
  A spark wasp (shapeshifter) (Depths:3)
  3 purple draconians
  21 ettins
  8 deep elf death magi
  A crystal guardian (Vaults:4)
  9 fire dragons
  20 yaktaur captains
  Josephine (Lair:4)
  5 deep elf high priests
  13 great orbs of eyes
  Fannar (D:11)
  30 vault guards
  13 ice dragons
  8 rakshasas
  Erolcha (D:11)
  A spriggan air mage (Depths:3)
  A hell beast (Zot:3)
  A catoblepas (Lair:5)
  3 ghost crabs
  4 death knights
  20 hydras
  6 death yaks (Lair:5)
  An anaconda (shapeshifter) (Vaults:5)
  79 two-headed ogres
  7 alligators
  A two-headed ogre (shapeshifter) (Vaults:3)
  11 centaur warriors
  11 dancing weapons
  20 ogre magi
  7 tengu warriors
  Urug (Lair:4)
  2 vampire magi
  10 deep troll shamans
  6 orc high priests
  6 deep troll earth magi
  4 spriggan berserkers
  5 spriggans
  A fire crab (shapeshifter) (Depths:4)
  6 hell knights
  3 iron trolls
  A small abomination (Vaults:3)
  12 deep elf knights
  Sonja (Lair:3)
  2 skeletal warriors (Vaults:5)
  2 fire crabs (Swamp:4)
  27 deep trolls
  6 flayed ghosts
  A torturous demonspawn (D:3)
  8 glowing orange brains
  3 gelid demonspawn
  A glowing orange brain (shapeshifter) (Vaults:5)
  An infernal demonspawn (Depths:3)
  3 shambling mangroves
  12 deep elf archers
  8 swamp dragons
  2 unseen horrors
  4 wizards
  A lindwurm (Swamp:4)
  2 spriggan druids
  4 phantasmal warriors (Vaults:5)
  Pikel (D:9)
  A lindwurm (shapeshifter) (Vaults:5)
  4 harpies
  An obsidian statue (Vaults:4)
  2 orb spiders (shapeshifter)
  20 orc knights
  21 ironbrand convokers
  16 orb spiders
  35 wolf spiders
  5 necromancers
  46 ugly things
  A wolf spider zombie (D:13)
  25 cyclopes
  3 manticores
  2 orc sorcerers (Orc:2)
  A shining eye (Slime:5)
  42 deep elf magi
  A stone giant zombie (Vaults:5)
  2 manticores (shapeshifter)
  A salamander (Depths:1)
  A rust devil (Zot:5)
  6 moths of wrath
  5 elephants (Lair:4)
  A frost giant skeleton (Vaults:4)
  3 black mambas (shapeshifter)
  An elephant (shapeshifter) (Depths:4)
  A guardian serpent (Lair:6)
  A guardian serpent (shapeshifter) (Vaults:3)
  11 vault sentinels
  23 spiny frogs
  A stone giant skeleton (Vaults:5)
  12 black mambas
  5 molten gargoyles
  A smoke demon (Depths:1)
  2 ice statues (IceCv)
  Joseph (D:8)
  A spiny frog (shapeshifter) (Depths:1)
  A yaktaur zombie (Vaults:4)
  3 torpor snails
  4 rime drakes
  A komodo dragon (shapeshifter) (Depths:3)
  7 freezing wraiths
  3 komodo dragons
  A hellion (Depths:3)
  An efreet (Zot:5)
  5 tengu conjurers
  43 yaktaurs
  10 demonic crawlers
  3 hellwings
  2 queen bees (shapeshifter)
  15 trolls
  A yaktaur skeleton (Vaults:5)
  37 hornets
  A merfolk (shapeshifter) (Depths:5)
  6 meliai
  A meliai (shapeshifter) (D:15)
  A queen bee (D:15)
  2 red devils
  A harpy zombie (D:13)
  13 polar bears
  A troll (shapeshifter) (Vaults:2)
  63 slime creatures
  A blink frog (shapeshifter) (Elf:2)
  25 jumping spiders
  8 dream sheep
  A stone giant simulacrum (Vaults:3)
  3 tyrant leeches
  3 bog bodies
  A hippogriff (shapeshifter) (D:15)
  11 blink frogs
  9 hippogriffs
  3 human simulacra
  A frost giant simulacrum (Vaults:5)
  4 air elementals
  2 vampires
  Sigmund (D:2)
  30 tarantellas
  A centaur simulacrum (D:15)
  3 water elementals
  13 wyverns
  55 redbacks
  30 yaks
  12 basilisks
  4 shadows
  17 humans
  A basilisk (shapeshifter) (Vaults:3)
  9 wraiths
  2 hogs (D:15)
  3 hungry ghosts
  2 golden eyes (shapeshifter)
  6 golden eyes (Slime:5)
  3 chaos spawn
  3 fire elementals
  A steam dragon (Swamp:4)
  8 vampire mosquitoes
  Menkaure (D:4)
  A neqoxec (D:15)
  15 swamp worms
  14 insubstantial wisps
  A naga (shapeshifter) (D:15)
  7 wargs
  4 acid dragons
  2 floating eyes (Depths:2)
  2 floating eyes (shapeshifter)
  19 water moccasins
  Duvessa (D:7)
  7 swamp drakes
  4 porcupines
  6 ice beasts
  44 orc warriors
  An ice beast (shapeshifter) (Vaults:2)
  A sky beast (D:10)
  A slave (D:9)
  A deep troll skeleton (Vaults:5)
  An eye of draining (shapeshifter) (Vaults:2)
  2 eyes of draining
  4 phantoms
  A boggart (shapeshifter) (Vaults:5)
  23 black bears
  2 black bears (shapeshifter)
  3 hornet zombies
  2 necrophages
  5 boggarts
  64 ogres
  19 centaurs
  3 big kobolds
  8 crocodiles
  12 bullfrogs
  A wyvern zombie (D:13)
  A water moccasin zombie (D:5)
  A wyvern skeleton (D:12)
  An earth elemental (Elf:1)
  2 scorpions
  Dowan (D:7)
  An elf simulacrum (Vaults:4)
  21 killer bees
  10 electric eels
  A troll skeleton (Lab)
  3 wights (D:10)
  2 howler monkeys
  A lava snake (D:10)
  17 centaur zombies
  8 crimson imps
  5 quasits
  2 bullfrog zombies
  15 jellies
  4 iron imps
  19 orc wizards
  Crazy Yiuf (D:7)
  30 orc priests
  2 bullfrog skeletons
  12 centaur skeletons
  5 hounds
  Jessica (D:3)
  5 iguanas
  Natasha (thrice) (D:4)
  5 hell rats (Lair:5)
  10 worker ants
  An ogre skeleton (Lab)
  A howler monkey zombie (D:5)
  2 worker ant zombies
  10 gnolls
  A howler monkey skeleton (D:10)
  23 adders
  6 river rats (D:3)
  4 shadow imps
  3 ufetubi
  2 oozes
  An adder zombie (D:5)
  An adder skeleton (D:4)
  4 worms
  3 dart slugs (D:1)
  3 leopard geckos
  99 orcs
  A ball python (D:1)
  4 giant cockroaches
  5 goblins
  6 hobgoblins
  7 jackals
  20 kobolds
  4 quokkas
  7 bats
  5 frilled lizards
  A leopard gecko skeleton (D:5)
  2 quokka skeletons
  5 rats
  A crawling corpse (Vaults:3)
2311 creatures vanquished.

Vanquished Creatures (collateral kills)
  A thorn hunter (Swamp:1)
  Donald (Orc:1)
  3 emperor scorpions (Spider:4)
  2 ghost moths (Spider:4)
  A stone giant (Orc:2)
  The ghost of grindst0ne the Alchemist, a journeyman MfTm of Okawaru (IceCv)
  Snorg (Orc:2)
  A minotaur (Lab)
  An ice dragon (IceCv)
  2 spriggans (Swamp:1)
  A cyclops (Orc:2)
  A rime drake (IceCv)
  5 hornets
  A hippogriff (D:11)
  A tarantella (Spider:4)
  A swamp drake (Swamp:1)
  10 ice beasts (IceCv)
34 creatures vanquished.

Vanquished Creatures (others)
  A stone giant (Vaults:2)
  A yaktaur captain (Depths:4)
  3 centaur warriors
  2 swamp dragons (Swamp:4)
  A spriggan druid (Swamp:3)
  A moth of wrath (Zot:5)
  2 cyclopes
  12 yaktaurs
  A human (D:15)
  5 steam dragons (Swamp:4)
  6 swamp drakes (Swamp:4)
  3 slaves (D:9)
  7 centaurs
  A scorpion (D:14)
  An ufetubus (Depths:3)
  An orc (Vaults:3)
  A jackal (D:9)
  2 kobolds (D:11)
  2 briar patches (Swamp:2)
  32 fungi
  28 plants
113 creatures vanquished.

Grand Total: 2458 creatures vanquished

Notes
Turn   | Place    | Note
-------+----------+-------------------------------------------
     0 | D:1      | kuniqs the Vine Stalker Berserker began the quest for the Orb.
     0 | D:1      | Reached XP level 1. HP: 11/11 MP: 2/2
    98 | D:1      | Reached XP level 2. HP: 16/16 MP: 3/3
   346 | D:1      | Reached XP level 3. HP: 18/20 MP: 4/4
   835 | D:2      | Found a shadowy altar of Dithmenos.
   840 | D:2      | Found a shattered altar of Ashenzari.
  1363 | D:2      | Noticed Sigmund
  1377 | D:2      | Killed Sigmund
  1377 | D:2      | Gained mutation: Your natural rate of healing is unusually fast. [Vine Stalker growth]
  1377 | D:2      | Reached XP level 4. HP: 23/25 MP: 2/5
  1377 | D:2      | Reached XP level 5. HP: 26/28 MP: 2/6
  1487 | D:3      | Reached XP level 6. HP: 33/33 MP: 7/7
  1561 | D:3      | Reached ** piety under Trog
  1785 | D:3      | Found a blossoming altar of Fedhas.
  1966 | D:3      | Noticed Jessica
  1973 | D:3      | Killed Jessica
  2142 | D:3      | Reached XP level 7. HP: 28/37 MP: 8/8
  2340 | D:3      | Found a hazy altar of Hepliaklqana.
  2563 | D:4      | Noticed Menkaure
  2578 | D:4      | Killed Menkaure
  2953 | D:4      | Noticed Natasha
  2960 | D:4      | Killed Natasha
  3024 | D:4      | Noticed Natasha
  3030 | D:4      | Killed Natasha
  3045 | D:4      | Noticed Natasha
  3058 | D:4      | Killed Natasha
  3058 | D:4      | Reached skill level 5 in Short Blades
  3116 | D:5      | Entered Level 5 of the Dungeon
  3138 | D:5      | Reached *** piety under Trog
  3170 | D:5      | Gained mutation: You have razor-sharp teeth. [Vine Stalker growth]
  3170 | D:5      | Reached XP level 8. HP: 35/42 MP: 9/9
  3618 | D:5      | Found a staircase to the Ecumenical Temple.
  3629 | Temple   | Entered the Ecumenical Temple
  3776 | D:5      | Reached skill level 5 in Fighting
  4144 | D:5      | Found an opulent altar of Gozag.
  4224 | D:5      | Found a glowing silver altar of Zin.
  4467 | D:6      | Reached XP level 9. HP: 38/48 MP: 10/10
  4515 | D:6      | Reached skill level 5 in Armour
  4595 | D:6      | Found Cogarch's Distillery.
  5053 | D:7      | Reached skill level 5 in Dodging
  5061 | D:7      | Noticed Duvessa
  5061 | D:7      | Noticed Dowan
  5070 | D:7      | Killed Dowan
  5082 | D:7      | Killed Duvessa
  5082 | D:7      | Reached **** piety under Trog
  5177 | D:7      | Noticed p0werm0de's ghost (novice OpNe)
  5429 | D:8      | Found Fietijah's Magic Scroll Shop.
  5596 | D:8      | Found a white marble altar of Elyvilon.
  5851 | D:8      | Noticed Joseph
  5868 | D:8      | Killed Joseph
  6136 | D:9      | Noticed Pikel
  6156 | D:9      | Killed Pikel
  6156 | D:9      | Reached XP level 10. HP: 53/53 MP: 11/11
  6299 | D:9      | Found a glowing golden altar of the Shining One.
  6308 | D:9      | Found a basalt altar of Yredelemnul.
  6310 | D:9      | Noticed a profane servitor
  6357 | D:9      | Noticed a two-headed ogre
  6364 | D:9      | Killed a two-headed ogre
  6586 | D:9      | Reached ***** piety under Trog
  6748 | D:9      | Found a bloodstained altar of Trog.
  6952 | D:9      | Noticed an angel
  6992 | D:10     | Entered Level 10 of the Dungeon
  7203 | D:10     | Found a staircase to the Orcish Mines.
  7230 | D:10     | Noticed a molten gargoyle
  7248 | D:10     | HP: 1/84 [molten gargoyle/bolt of magma (11)]
  7249 | D:10     | Killed a molten gargoyle
  7249 | D:10     | Reached XP level 11. HP: 1/60 MP: 3/12
  7508 | D:10     | Found a staircase to the Lair.
  7635 | D:10     | Gained mutation: Scrolls take you a little longer to read. [potion of mutation]
  7635 | D:10     | Gained mutation: Your flesh is heat resistant. (rF+) [potion of mutation]
  7635 | D:10     | Gained mutation: Your spells are a little harder to cast, but a little more powerful. [potion of mutation]
  7636 | D:10     | Lost mutation: Your spells are a little harder to cast, but a little more powerful. [potion of mutation]
  7636 | D:10     | Lost mutation: Scrolls take you a little longer to read. [potion of mutation]
  7636 | D:10     | Lost mutation: Your flesh is heat resistant. (rF+) [potion of mutation]
  7636 | D:10     | Gained mutation: You are somewhat resistant to further mutation. [potion of mutation]
  7636 | D:10     | Gained mutation: You are weak. (Str -2) [potion of mutation]
  7636 | D:10     | Gained mutation: Your spells are a little harder to cast, but a little more powerful. [potion of mutation]
  7782 | D:10     | Found a roughly hewn altar of Beogh.
  7958 | D:11     | Found a shimmering altar of Xom.
  8014 | D:11     | Noticed Erolcha
  8036 | D:11     | Killed Erolcha
  8084 | D:11     | Noticed Fannar
  8147 | D:11     | Killed Fannar
  8194 | D:11     | Noticed a deep elf mage
  8230 | D:11     | Found a shimmering altar of Xom.
  8321 | D:11     | Found a shimmering altar of Xom.
  8321 | D:11     | Found a shimmering altar of Xom.
  8384 | D:11     | Found a shimmering altar of Xom.
  8384 | D:11     | Found a shimmering altar of Xom.
  8504 | Lair:1   | Entered Level 1 of the Lair of Beasts
  8648 | Lair:1   | Found a frozen archway.
  8728 | IceCv    | Entered an ice cave
  8736 | IceCv    | Received a gift from Trog
  8757 | IceCv    | Noticed grindst0ne's ghost (journeyman MfTm)
  8786 | IceCv    | Killed grindst0ne's ghost
  9051 | IceCv    | Gained mutation: You heal very quickly. [Vine Stalker growth]
  9051 | IceCv    | Reached XP level 12. HP: 57/66 MP: 13/13
  9166 | IceCv    | Noticed an ice dragon
  9182 | IceCv    | Killed an ice dragon
  9219 | IceCv    | Noticed an ice dragon
  9224 | IceCv    | Killed an ice dragon
  9270 | IceCv    | Got a fine ruby amulet
  9271 | IceCv    | Identified the amulet of Pamea {RegenMP rF+ rN+ Stlth+} (You found it in an ice cave)
 10733 | Lair:2   | Found a staircase to the Swamp.
 11458 | Lair:3   | Noticed Sonja
 11468 | Lair:3   | Killed Sonja
 11494 | Lair:3   | Found a hole to the Spider Nest.
 11656 | Lair:3   | Reached skill level 10 in Short Blades
 12187 | Lair:3   | Reached skill level 10 in Fighting
 12402 | Lair:4   | Noticed a seven-headed hydra
 12407 | Lair:4   | Killed a seven-headed hydra
 12407 | Lair:4   | Reached skill level 1 in Evocations
 12689 | Lair:4   | Noticed an eight-headed hydra
 12771 | Lair:4   | Noticed Urug
 12808 | Lair:4   | Killed Urug
 12808 | Lair:4   | Reached XP level 13. HP: 72/72 MP: 16/16
 13113 | Lair:4   | Noticed Rupert
 13213 | Lair:4   | Killed Rupert
 13523 | Lair:5   | Noticed Josephine
 13532 | Lair:4   | Killed Josephine
 13588 | Lair:5   | Found a staircase to the Slime Pits.
 13618 | Lair:5   | Found a labyrinth entrance.
 13670 | Lab      | Entered a labyrinth
 13889 | Lab      | Noticed a minotaur
 14078 | Lab      | Killed a minotaur
 14078 | Lab      | Reached skill level 5 in Evocations
 14120 | Lab      | Got a steaming copper ring
 14121 | Lab      | Identified the ring of Igiocoal {Str+4 Stlth+} (You found it in a labyrinth)
 14694 | Lair:5   | Reached skill level 10 in Armour
 15289 | Lair:5   | Reached skill level 10 in Dodging
 15438 | Lair:6   | Entered Level 6 of the Lair of Beasts
 15539 | Lair:5   | Reached XP level 14. HP: 79/79 MP: 20/20
 16906 | Orc:1    | Entered Level 1 of the Orcish Mines
 17062 | Orc:1    | Found a burning altar of Makhleb.
 17202 | Orc:2    | Entered Level 2 of the Orcish Mines
 17202 | Orc:2    | Noticed Donald
 17236 | Orc:2    | Found Tuitec's Antique Armour Emporium.
 17433 | Orc:2    | Bought a large shield for 153 gold pieces
 17537 | Orc:1    | Killed Donald
 17537 | Orc:1    | Reached skill level 1 in Shields
 17620 | Orc:2    | Noticed Nessos
 17645 | Orc:2    | Killed Nessos
 17645 | Orc:2    | Reached skill level 2 in Shields
 17661 | Orc:2    | Reached skill level 3 in Shields
 17761 | Orc:2    | Found a staircase to the Elven Halls.
 17863 | Orc:1    | Reached skill level 4 in Shields
 18066 | Orc:2    | Noticed a stone giant
 18067 | Orc:2    | Noticed Snorg
 18088 | Orc:2    | Killed Snorg
 18091 | Orc:2    | Killed a stone giant
 18091 | Orc:2    | Reached skill level 5 in Shields
 18268 | Orc:2    | HP: 1/79 [cyclops/large rock (13)]
 18409 | Orc:2    | Found Rofogodd's Antique Weapon Shop.
 18458 | Orc:2    | Reached skill level 6 in Shields
 18458 | Orc:2    | Reached XP level 15. HP: 83/83 MP: 22/22
 18473 | Orc:2    | Received a gift from Trog
 18515 | Orc:2    | Found Cewoarinia's General Store.
 18613 | Orc:2    | Found Pesu's Book Shop.
 18812 | Orc:2    | Bought 3 scrolls of teleportation for 135 gold pieces
 18812 | Orc:2    | Bought a scroll of acquirement for 780 gold pieces
 18817 | Orc:2    | Got a pair of jewelled gloves
 18818 | Orc:2    | Identified the +1 pair of gloves "Biwi" {rF+ Str+6} (You acquired it on level 2 of the Orcish Mines)
 18834 | Orc:2    | Got a clouded ivory amulet
 18835 | Orc:2    | Identified the amulet "Harysk" {Reflect Str+6 SH+2} (You acquired it on level 2 of the Orcish Mines)
 18939 | D:11     | Reached skill level 7 in Shields
 19496 | D:11     | Reached ****** piety under Trog
 19707 | D:12     | Received a gift from Trog
 19779 | D:12     | Found a shimmering altar of Xom.
 19989 | D:12     | Identified the cursed +1 long sword of Ecexziff {slice, +Blink Str+2 Dex+3} (You found it on level 12 of the Dungeon)
 20019 | D:12     | Reached skill level 8 in Shields
 20511 | D:13     | Found a stormy altar of Qazlal.
 20530 | D:13     | Reached skill level 9 in Shields
 20779 | D:13     | Noticed a bone dragon
 20799 | D:13     | Killed a bone dragon
 20799 | D:13     | Reached skill level 10 in Shields
 20896 | D:13     | Received a gift from Trog
 21505 | D:14     | Found a gate to the Vaults.
 21510 | D:13     | Reached skill level 11 in Shields
 21839 | D:14     | Reached XP level 16. HP: 72/88 MP: 23/23
 21886 | D:14     | Reached skill level 12 in Shields
 22305 | D:14     | Found Fowiseip's Food Shoppe.
 22523 | D:15     | Entered Level 15 of the Dungeon
 22904 | D:15     | Noticed Kirke
 22909 | D:15     | Reached skill level 13 in Shields
 22920 | D:15     | Killed Kirke
 22980 | D:15     | Received a gift from Trog
 24244 | D:7      | Found a runed door.
 24248 | D:7      | Noticed Crazy Yiuf
 24251 | D:7      | Killed Crazy Yiuf
 24453 | Swamp:1  | Entered Level 1 of the Swamp
 24477 | Swamp:1  | Reached skill level 14 in Shields
 24656 | Swamp:1  | Noticed a thorn hunter
 24670 | Swamp:1  | Killed a thorn hunter
 24672 | Swamp:1  | Received a gift from Trog
 25390 | Swamp:2  | Noticed a thorn hunter
 25414 | Swamp:2  | Killed a thorn hunter
 25422 | Swamp:2  | Noticed a thorn hunter
 25444 | Swamp:2  | Killed a thorn hunter
 25444 | Swamp:2  | Reached XP level 17. HP: 89/92 MP: 24/24
 25969 | Swamp:3  | Received a gift from Trog
 26006 | Swamp:3  | Reached skill level 15 in Shields
 26532 | Swamp:4  | Entered Level 4 of the Swamp
 26951 | Swamp:4  | Received a gift from Trog
 27010 | Swamp:4  | Got a decaying rune of Zot
 27402 | Spider:1 | Entered Level 1 of the Spider Nest
 27908 | Spider:1 | Received a gift from Trog
 27926 | Spider:1 | Got a steaming rapier {god gift}
 27927 | Spider:1 | Identified the +1 rapier of Cruel Justice {flame, rElec rPois Dex-4 Stlth+} (Trog gifted it to you on level 1 of the Spider Nest)
 28206 | Spider:2 | Reached XP level 18. HP: 98/98 MP: 25/25
 28579 | Spider:2 | Reached skill level 16 in Shields
 29202 | Spider:3 | Identified the +1 chain mail "Atoydeeh" {*Drain rElec rPois MR-} (You found it on level 3 of the Spider Nest)
 29448 | Spider:4 | Entered Level 4 of the Spider Nest
 29880 | Spider:4 | Received a gift from Trog
 30077 | Spider:4 | Got a gossamer rune of Zot
 30090 | Spider:4 | Fell from the grace of Trog
 30799 | Temple   | Became a worshipper of Uskayaw the Reveler
 30852 | D:5      | Reached * piety under Uskayaw
 31208 | Vaults:1 | Entered Level 1 of the Vaults
 31211 | Vaults:1 | Reached ** piety under Uskayaw
 31212 | Vaults:1 | Reached skill level 1 in Stealth
 31213 | Vaults:1 | Reached *** piety under Uskayaw
 31215 | Vaults:1 | Reached skill level 1 in Invocations
 31215 | Vaults:1 | Reached **** piety under Uskayaw
 31220 | Vaults:1 | Reached ***** piety under Uskayaw
 31232 | Vaults:1 | Reached ****** piety under Uskayaw
 32079 | Vaults:1 | Reached skill level 5 in Stealth
 32899 | Vaults:1 | Reached skill level 5 in Invocations
 32903 | Vaults:1 | Reached XP level 19. HP: 87/103 MP: 26/26
 33019 | D:14     | Paralysed by Trog for 3 turns
 34345 | Vaults:1 | Reached skill level 10 in Stealth
 34345 | Vaults:1 | Reached XP level 20. HP: 105/108 MP: 27/27
 34543 | Vaults:1 | Found Zusy's Food Shoppe.
 36373 | Vaults:2 | Reached skill level 10 in Invocations
 38377 | Vaults:3 | Reached XP level 21. HP: 112/112 MP: 30/30
 38539 | Vaults:3 | Noticed a bone dragon
 38540 | Vaults:3 | Found a staircase to the Crypt.
 38551 | Vaults:3 | Killed a bone dragon
 39655 | Vaults:3 | Got a brightly glowing diamond amulet
 39656 | Vaults:3 | Identified the amulet of Menuu {Reflect rN+ SH+3} (You acquired it on level 3 of the Vaults)
 40725 | Vaults:4 | Was forgiven by Trog
 41153 | Vaults:4 | Reached skill level 17 in Shields
 41247 | Vaults:4 | Reached XP level 22. HP: 91/119 MP: 32/32
 41987 | Vaults:5 | Entered Level 5 of the Vaults
 42220 | Vaults:5 | Identified the +1 ring mail of Sogunucu {rElec Regen+ Str+4 Dex-2} (You found it on level 5 of the Vaults)
 42338 | Vaults:5 | Got a coiled tin ring
 42339 | Vaults:5 | Identified the ring of Daoz {rPois rF- AC+3 Int+4} (You acquired it on level 5 of the Vaults)
 42541 | Vaults:5 | Noticed an ancient lich
 42543 | Vaults:5 | Noticed a golden dragon
 42550 | Vaults:5 | Killed a golden dragon
 42550 | Vaults:5 | Reached XP level 23. HP: 95/125 MP: 25/33
 42558 | Vaults:5 | Killed an ancient lich
 42642 | Vaults:5 | Identified the +10 crystal plate armour "Kuathredd" {rC- rN+++ Slay-5 Stlth+} (You found it on level 5 of the Vaults)
 42667 | Vaults:5 | Noticed a golden dragon
 42691 | Vaults:5 | Killed a golden dragon
 42694 | Vaults:5 | Got a shimmering platinum ring
 42702 | Vaults:5 | Identified the ring "Xyorut" {rN+ MR+} (You took it off a tengu reaver on level 5 of the Vaults)
 43324 | Vaults:5 | Reached skill level 18 in Shields
 43386 | Vaults:5 | Reached skill level 15 in Fighting
 43700 | Vaults:5 | Got a silver rune of Zot
 43702 | Vaults:5 | Identified the +1 scale mail "Jokosch" {+Inv Regen+} (You found it on level 5 of the Vaults)
 44631 | Slime:1  | Entered Level 1 of the Pits of Slime
 44722 | Slime:5  | Entered Level 5 of the Pits of Slime
 44745 | Slime:5  | Reached XP level 24. HP: 126/132 MP: 34/34
 44772 | Slime:5  | Found a viscous altar of Jiyva.
 44772 | Slime:5  | Noticed the Royal Jelly
 44786 | Slime:5  | Killed the Royal Jelly
 44944 | Slime:5  | Identified the +0 cloak of the Teacher {Stlth+} (You found it on level 5 of the Pits of Slime)
 44948 | Slime:5  | Got a flickering ivory amulet
 44949 | Slime:5  | Identified the amulet of Axexipp {Reflect +Blink Slay+3 SH+3} (You found it on level 5 of the Pits of Slime)
 45019 | Slime:5  | Got a sparkling marble ring
 45021 | Slime:5  | Identified the ring "Runyicut" {rCorr rElec Str+3} (You found it on level 5 of the Pits of Slime)
 45049 | Slime:5  | Identified the +11 rapier "Bucodwie" {pain, +Rage rF- MR++ Str+3} (You found it on level 5 of the Pits of Slime)
 45051 | Slime:5  | Got a slimy rune of Zot
 45302 | Elf:1    | Entered Level 1 of the Elven Halls
 45604 | Elf:1    | Identified the +4 pair of gloves "Pamnu" {rElec Str+3 Int-2} (You found it on level 1 of the Elven Halls)
 45958 | Elf:2    | Found an ancient bone altar of Kikubaaqudgha.
 45999 | Elf:2    | Found a runed gate.
 45999 | Elf:2    | Found a runed gate.
 45999 | Elf:2    | Found a runed gate.
 46072 | Elf:2    | Found a roughly hewn altar of Beogh.
 46569 | Elf:3    | Entered Level 3 of the Elven Halls
 46807 | Elf:3    | Found Witsy's General Store.
 46959 | Elf:3    | Noticed Roxanne
 47083 | Elf:3    | Reached skill level 15 in Invocations
 47299 | Elf:3    | Reached XP level 25. HP: 137/137 MP: 35/35
 47353 | Elf:3    | Identified the cursed +1 fire dragon scales of the Devil's Advocate {rPois rF++ rC- Slay+5} (You found it on level 3 of the Elven Halls)
 47383 | Elf:3    | Got a jewelled plate armour
 47401 | Elf:3    | Identified the +4 plate armour "Fivoitev" {*Drain rF+ Int+8} (You found it on level 3 of the Elven Halls)
 47471 | Elf:3    | Got a polished plate armour
 47483 | Elf:3    | Identified the cursed +0 plate armour "Voaps" {*Corrode rF++ rN+} (You took it off a deep elf master archer on level 3 of the Elven Halls)
 47891 | D:6      | Bought a potion of might for 44 gold pieces
 47891 | D:6      | Bought a potion of mutation for 88 gold pieces
 47891 | D:6      | Bought a potion of haste for 110 gold pieces
 47891 | D:6      | Bought a potion of haste for 110 gold pieces
 47891 | D:6      | Bought a potion of haste for 110 gold pieces
 47891 | D:6      | Bought a potion of curing for 33 gold pieces
 48168 | D:15     | Found a staircase to the Depths.
 48199 | Depths:1 | Entered Level 1 of the Depths
 48339 | Depths:1 | Reached skill level 15 in Armour
 48380 | Depths:1 | Reached skill level 15 in Dodging
 48380 | Depths:1 | Reached skill level 19 in Shields
 48494 | Depths:1 | Got an encrusted hat
 48505 | Depths:1 | Identified the +0 hat of Indomitability {Str-3 Int+7} (You found it on level 1 of the Depths)
 49224 | Depths:2 | Found a gateway to Hell.
 49422 | Depths:2 | Found a hazy altar of Hepliaklqana.
 49423 | Depths:2 | Found a bloodstained altar of Trog.
 49423 | Depths:2 | Found an opulent altar of Gozag.
 49513 | Depths:2 | Noticed a juggernaut
 49524 | Depths:2 | Killed a juggernaut
 49570 | Depths:2 | Noticed a juggernaut
 49576 | Depths:2 | Killed a juggernaut
 49700 | Depths:2 | Got a sparkling glass ring
 49707 | Depths:2 | Identified the ring of Samix {Dex+2 SInv} (You found it on level 2 of the Depths)
 49828 | Depths:2 | Reached XP level 26. HP: 142/144 MP: 36/36
 49896 | Depths:2 | Noticed a juggernaut
 49907 | Depths:2 | Killed a juggernaut
 50612 | Depths:3 | Found a one-way gate leading to the halls of Pandemonium.
 50718 | Depths:3 | Noticed Asterion
 50730 | Depths:3 | Killed Asterion
 51460 | Depths:4 | Found a gateway to a ziggurat.
 51589 | Depths:4 | Got a warped glass ring
 51590 | Depths:4 | Identified the ring of Suspected Treachery {MP+9 Str+4 SInv} (You found it on level 4 of the Depths)
 51757 | Depths:4 | Found a one-way gate to the infinite horrors of the Abyss.
 51775 | Depths:4 | Noticed Margery
 51788 | Depths:4 | Killed Margery
 51871 | Depths:4 | Found Seolaugess's Book Emporium.
 52320 | Depths:5 | Entered Level 5 of the Depths
 52332 | Depths:5 | Reached skill level 20 in Shields
 52337 | Depths:5 | Reached XP level 27. HP: 145/150 MP: 36/36
 52388 | Depths:5 | Found a gate to the Realm of Zot.
 52413 | Zot:1    | Entered Level 1 of the Realm of Zot
 52832 | Zot:5    | Entered Level 5 of the Realm of Zot
 53229 | Zot:5    | Noticed an ancient lich
 53242 | Zot:5    | Killed an ancient lich
 53244 | Zot:5    | Noticed an orb of fire
 53250 | Zot:5    | Killed an orb of fire
 53250 | Zot:5    | Noticed an orb of fire
 53250 | Zot:5    | Noticed an orb of fire
 53277 | Zot:5    | Killed an orb of fire
 53291 | Zot:5    | Killed an orb of fire
 53298 | Zot:5    | Noticed an ancient lich
 53303 | Zot:5    | Killed an ancient lich
 53346 | Zot:5    | Noticed an ancient lich
 53370 | Zot:5    | Killed an ancient lich
 53418 | Zot:5    | Noticed an ancient lich
 53420 | Zot:5    | Killed an ancient lich
 53550 | Zot:5    | Reached skill level 21 in Shields
 53699 | Zot:5    | Got the Orb of Zot
 54301 | D:7      | Noticed Miv Tinu the pandemonium lord
 54480 | D:$      | Escaped with the Orb!

Vault maps used:
D:1:      minmay_arrival_semitransparent, serial_bayou_ford_a
D:2:      grunt_temple_overflow_open, uniq_sigmund
D:3:      overflow_temple_1_default, lemuel_coloured_pillars_altar,
          lightli_sewer_entry_pipes, uniq_jessica
D:4:      first_bread, uniq_natasha, uniq_menkaure
D:5:      nicolae_overflow_hidden_temple, temple_green
D:6:      kennysheep_big_flooded_room, serial_shops, nicolae_shop_behind_doors
D:7:      uniq_crazy_yiuf_cottage, uniq_duvessa
D:8:      lemuel_round_altar, serial_shops,
          nicolae_shop_temple_entry_statues_fountains, grunt_ministairs_11,
          uniq_joseph
D:9:      grunt_temple_overflow_holy_war, lightli_temple_of_fire, uniq_pikel
D:10:     lair_entry_dummy, minmay_orc_entry_temple_small, minivault_8
D:11:     hangedman_stone_soup, xom_redecorated, uniq_fannar, uniq_erolcha
D:12:     basic_altar, minmay_orc_keep
D:13:     basic_altar, grunt_ministairs_14, minmay_guarded_unrand_zonguldrok
D:14:     david_vaults_3, minmay_staircase_windowed_large, serial_shops,
          shop_statue
D:15:     gammafunk_enter_depths_forms, minivault_4,
          nicolae_looking_at_the_future, uniq_kirke
Temple:   minmay_temple_curvy_loop
Lair:1:   portal_ice_cave_entry_pillars_1, grunt_megastairs_5,
          serial_bayou_shore_a
Lair:2:   swamp_mist
Lair:3:   spider_nest_entry_rubble, uniq_sonja
Lair:4:   serial_bayou_lake_a, uniq_rupert, uniq_urug
Lair:5:   minmay_lair_venomous_thicket, minmay_slime_entry_jelly_boxes,
          lab_entry_generic, uniq_josephine
Lair:6:   hangedman_lair_tendril_chambers
Swamp:1:  evilmike_swamp_ruin_house_1
Swamp:2:  evilmike_swamp_ruin_house_4, swamp_pool4
Swamp:3:  evilmike_swamp_ruin_rubble_1
Swamp:4:  swamp_fiery
Spider:1: cheibrodos_spider_silkery
Spider:2: spiders_nest_hornet_nest
Spider:3: spider_trap
Spider:4: spider_rune_water, spider_trap
Slime:2:  nicolae_slime_phagocytosis
Slime:3:  cheibrodos_slime_lost_civilization_10, basic_altar
Orc:1:    basic_altar
Orc:2:    grunt_orc_gardens, grunt_orc_garden, grunt_orc_garden,
          grunt_orc_garden, grunt_orc_garden, uniq_nessos, uniq_donald,
          uniq_snorg
Elf:1:    kennysheep_underground_church
Elf:2:    special_room, basic_altar
Elf:3:    minmay_elf_hall_quartered_circle, serial_sigils,
          serial_sigils_hangedman_scar, serial_sigils_hangedman_quiver,
          serial_sigils_hangedman_quiver, serial_sigils_hangedman_scratch,
          serial_shops, shop, uniq_roxanne
Vaults:1: nicolae_vaults_triangles, vaults_mumra_bighexcomb,
          nicolae_vaults_diagonal_hallway_7, hangedman_vaults_unwind,
          ontoclasm_vaults_ring_small, ontoclasm_vaults_decontamination,
          nicolae_vaults_mini_display_case, serial_shops, shop
Vaults:2: ontoclasm_vaults_ring_square, v_rooms_2, grunt_vaults_funnel,
          vaults_dpeg_cross, v_misc_30, hangedman_vaults_hat,
          nicolae_vaults_murderbox, nicolae_vaults_network_quinsquares,
          v_misc_27, v_alt_pattern_3, nicolae_vaults_theta
Vaults:3: minmay_crypt_entry_nasty_monster, ontoclasm_vaults_ring_square,
          nicolae_vaults_what_the_h, ontoclasm_vaults_echo,
          nicolae_vaults_big_angled_halls, vaults_room_grid, v_misc_27,
          hangedman_vaults_nails, hangedman_vaults_locks,
          nicolae_vaults_alarming, v_misc_11, vaults_dpeg_hooks,
          ontoclasm_vaults_fault
Vaults:4: nicolae_vaults_statue_guard, nicolae_vaults_sealed_display,
          vaults_room_pools, hangedman_vaults_corner,
          ontoclasm_vaults_loading_screen, v_alt_pattern_1,
          ontoclasm_vaults_twist, vaults_room_stairs_pillars, v_misc_27,
          grunt_vaults_hallway_long, vaults_mumra_hex,
          nicolae_vaults_ninety_degrees
Vaults:5: serial_shops
Depths:1: kennysheep_decorative_pillar, hellmouth_1, minmay_metal_thing
Depths:2: hangedman_slaughterboxes, hell_entry
Depths:3: minmay_mutant_horseshoe, grunt_pan_entry_in_and_out,
          minmay_stone_trees_medium, hell_entry, uniq_asterion
Depths:4: evilmike_diamond_1, enter_ziggurat_a, hangedman_abyss_entry_splay,
          minmay_misc_feat_alley, serial_shops, kennysheep_little_box,
          grunt_metal_band
Depths:5: grunt_zot_entry_funnels, hangedman_coc_ice_floe, minmay_fountain_box,
          guppyfry_shop_blood
Zot:4:    chequers_guarded_unrand_mask_of_the_dragon
Lab:      labyrinth_watery, nicolae_lab_blocks, nicolae_lab_hexagon,
          nicolae_lab_checkerboard, lab_hedge, nicolae_lab_do_over,
          nicolae_lab_dead_end
IceCv:    ice_cave_small_dragons

Skill      XL: |  1  2  3  4  5  6  7  8  9 10 11 12 13 14 15 16 17 18 19 20 21 22 23 24 25 26 27 |
---------------+----------------------------------------------------------------------------------+-----
Short Blades   | 3 4 5 7 8 9 10 | 10.1
Fighting       | 3 4 5 6 7 9 10 11 12 13 14 15 16 17 18 | 18.8
Dodging        | 2 3 4 5 7 8 9 10 11 12 13 14 15 16 17 | 17.5
Armour         | 2 3 4 6 7 8 9 10 11 12 13 14 15 16 17 | 17.6
Evocations     | 2 6 8 |  8.4
Shields        | 6 11 14 15 16 17 18 19 20 21 | 21.1
Stealth        | 6 10 13 14 | 14.0
Invocations    | 5 8 10 12 13 14 15 16 17 18 | 18.7

Action                   |  1- 3 |  4- 6 |  7- 9 | 10-12 | 13-15 | 16-18 | 19-21 | 22-24 | 25-27 || total
-------------------------+-------+-------+-------+-------+-------+-------+-------+-------+-------++-------
Melee: Short sword       |    71 |    74 |   365 |   724 |  1170 |   858 |       |       |       ||  3262
       Bite              |    13 |    28 |   132 |   327 |   927 |  1166 |   843 |   899 |  1173 ||  5508
       Rapier            |       |       |       |       |   615 |   281 |       |    22 |       ||   918
       Quick blade       |       |       |       |       |       |   936 |  1302 |  1486 |  1858 ||  5582
Invok: Berserk           |     3 |     2 |     7 |    17 |    18 |     2 |       |       |       ||    49
       Burn Spellbooks   |       |       |     2 |     3 |       |     4 |       |       |       ||     9
       Brothers in Arms  |       |       |       |     5 |     3 |     4 |       |       |       ||    12
       Trog's Hand       |       |       |       |     2 |     1 |     2 |       |       |       ||     5
       Renounce Religion |       |       |       |       |       |     1 |       |       |       ||     1
       Line Pass         |       |       |       |       |       |       |       |     5 |       ||     5
       Grand Finale      |       |       |       |       |       |       |       |     1 |     3 ||     4
 Abil: Stop Flying       |       |       |       |       |       |       |       |     1 |       ||     1
Evoke: Wand              |     3 |       |     1 |     4 |     8 |    12 |       |     3 |    11 ||    42
       Lamp of fire      |       |       |       |       |       |       |       |     1 |       ||     1
  Use: Scroll            |       |       |     4 |    17 |    15 |    10 |    13 |    15 |    18 ||    92
       Potion            |       |       |     1 |     9 |       |     3 |     2 |     1 |     6 ||    22
 Stab: Distracted        |       |       |       |     1 |       |       |       |       |       ||     1
       Confused          |       |       |       |       |     3 |     2 |       |       |       ||     5
       Petrified         |       |       |       |       |     3 |       |       |       |       ||     3
       Betrayed ally     |       |       |       |       |     1 |       |       |       |       ||     1
       Paralysed         |       |       |       |       |       |    12 |    73 |   113 |   114 ||   312
  Eat: Chunk             |     3 |     6 |    19 |    36 |    42 |    35 |    23 |    16 |    21 ||   201
       Royal jelly       |       |       |       |     1 |     3 |       |       |       |       ||     4
       Fruit             |       |       |       |     1 |     1 |     6 |     4 |     1 |     4 ||    17
       Bread ration      |       |       |       |       |     1 |       |       |       |       ||     1
       Meat ration       |       |       |       |       |       |       |       |     1 |       ||     1
Armor: Ring mail         |    23 |       |       |       |     8 |       |       |       |       ||    31
       Animal skin       |     2 |       |       |       |       |       |       |       |       ||     2
       Chain mail        |       |    21 |   113 |   198 |       |       |       |       |       ||   332
       Scale mail        |       |       |       |       |   216 |       |       |       |       ||   216
       Crystal plate arm |       |       |       |       |   268 |   507 |   184 |   185 |   122 ||  1266
       Gold dragon scale |       |       |       |       |       |       |       |       |    86 ||    86
Dodge: Dodged            |    40 |    21 |   130 |   275 |   680 |   311 |   165 |   128 |   229 ||  1979
Block: Shield            |       |       |       |       |   112 |       |       |       |       ||   112
       Large shield      |       |       |       |       |   527 |  1587 |   791 |   675 |   849 ||  4429
       Reflection        |       |       |       |       |    58 |    50 |    88 |    51 |    68 ||   315
